 Dungeon Crawl Stone Soup version 0.30-b1-7-gcb88a99046 (webtiles) character file.

Game seed: 11038516651172733641

73 KittyFluff the Trooper (level 4, -1/43 HPs)
             Began as a Gargoyle Berserker on May 5, 2023.
             Was a Believer of Trog.
             Slain by Sigmund
             ... wielding a +1 scythe of freezing
              (3 damage)
             ... on level 2 of the Dungeon.
             The game lasted 00:05:15 (1299 turns).

KittyFluff the Trooper (Gargoyle Berserker)         Turns: 1299, Time: 00:05:16

Health: -1/43      AC:  6    Str: 21    XL:     4   Next: 27%
Magic:  4/4        EV: 11    Int:  7    God:    Trog [**....]
Gold:   74         SH:  0    Dex: 11    Spells: 3/3 levels left

rFire   . . .        a - +0 mace
rCold   . . .        (no shield)
rNeg    + . .        d - +0 leather armour
rPois   ∞            (no helmet)
rElec   +            (no cloak)
rCorr   .            (no gloves)
SInv    .            (no boots)
Will    .....        (no amulet) Stlth
                     (no ring)
HPRegen 0.27/turn    (no ring)
MPRegen 0.09/turn

%: no passive effects
@: berserking, very quick
A: sickness immunity, AC +3, negative energy resistance 1, electricity
resistance, torment resistance 1, petrification resistance
a: Renounce Religion, Berserk, Trog's Hand


You were on level 2 of the Dungeon.
You worshipped Trog.
Trog was pleased with you.
You visited 1 branch of the dungeon, and saw 2 of its levels.

You collected 74 gold pieces.

Inventory:

Hand Weapons
 a - a +0 mace (weapon)
 b - a +0 sling
Missiles
 e - a throwing net (quivered)
Armour
 d - a +0 leather armour (worn)
Scrolls
 c - a scroll of noise {unknown}
 i - a scroll of fog {unknown}
 k - a scroll of enchant armour {unknown}
 l - 2 scrolls of identify {unknown}
Potions
 f - a potion of experience {unknown}
 g - a potion of attraction {unknown}
 h - a potion of invisibility {unknown}
 j - a potion of might {unknown}


   Skills:
 + Level 4.0 Fighting
 + Level 4.0 Maces & Flails
 + Level 2.5 Armour
 + Level 2.0 Dodging
 + Level 0.6 Stealth


You had 3 spell levels left.
You didn't know any spells.
Your spell library was empty.

Dungeon Overview and Level Annotations

Branches:
Dungeon (2/15)

Altars:

Shops:
D:1 :*

Annotations:
D:2 Natasha, Sigmund


Innate Abilities, Weirdness & Mutations

You are immune to sickness and miasma.
Your stone body is resilient. (AC +3)
You are immune to poison.
You resist negative energy. (rN+)
You are resistant to electric shocks. (rElec)
You are resistant to unholy torment.
You are immune to petrification.


Message History

You barely miss the kobold. Something hits you but does no damage.
The kobold hits you but does no damage.
You closely miss the kobold.
The kobold hits you with a +0 short sword.
Something hits you. Something freezes you.
The kobold hits you with a +0 short sword.
You hit the kobold.
You kill the kobold!
Trog accepts your kill. Something hits you but does no damage.
Things that are here:
a +0 short sword; a bat corpse Something hits you.
Something freezes you. Something hits you but does no damage.
Things that are here:
a +0 short sword; a bat corpse You closely miss something.
Something hits you!
* * * LOW HITPOINT WARNING * * *
Something freezes you.
* * * LOW HITPOINT WARNING * * *
A red film seems to cover your vision as you go berserk!
You feel yourself moving faster!
You feel mighty!
You barely miss something.
Natasha, Servant of Life and Death comes into view.
Something hits you.
* * * LOW HITPOINT WARNING * * *
Something freezes you.
* * * LOW HITPOINT WARNING * * *
The kobold throws a stone.
The stone closely misses you.
You miss something.
Natasha hisses angrily.
Natasha hisses.
The kobold throws a stone.
You barely miss something. Something hits you but does no damage.
You miss something. You barely miss something.
Natasha drinks a potion.
Natasha's spells are empowered!
Something hits you!
* * * LOW HITPOINT WARNING * * *
Something freezes you.
You die...

#†..########
#....# #.# #†).#
##.############.#
#.<.# #.#
#.........# #...#
#.# ###########
#...####### #.#
..⌠.......# #.#
.....####.... #.#
#...## . #.#
##.## #@# #+# #.#
.K# ...# ...h#
.....# #..##.#
#.. #.#


You could see Natasha (empowered) and a kobold.

Vanquished Creatures
  Terence (D:2)
  An adder (D:2)
  A dart slug (D:1)
  6 endoplasms
  A giant cockroach (D:2)
  3 goblins
  3 hobgoblins
  4 quokkas
  4 ball pythons
  3 bats
  5 frilled lizards
  3 kobolds
  2 rats (D:2)
37 creatures vanquished.

Notes
Turn   | Place    | Note
-------+----------+-------------------------------------------
     0 | D:1      | KittyFluff the Gargoyle Berserker began the quest for the
                  | Orb.
     0 | D:1      | Reached XP level 1. HP: 14/14 MP: 1/1
   327 | D:1      | Reached XP level 2. HP: 16/19 MP: 2/2
   332 | D:1      | Found a faded altar of an unknown god.
   393 | D:1      | Found Daopsurph's Book Emporium.
   529 | D:1      | Found Loziras's General Store.
   802 | D:2      | Reached XP level 3. HP: 8/24 MP: 3/3
   891 | D:2      | Reached ** piety under Trog
   972 | D:2      | Noticed Terence
   982 | D:2      | Killed Terence
  1172 | D:2      | Reached XP level 4. HP: 29/29 MP: 4/4
  1276 | D:2      | Noticed Sigmund
  1295 | D:2      | Noticed Natasha
  1299 | D:2      | HP: 2/43 [something (7)]
  1299 | D:2      | Slain by Sigmund

Illustrated notes

Levels and vault maps discovered:
D:1:      doesnt_arrival_eight_statues, layout_loops_ring,
          shapermc_ecumenical_altar_rom_forum, serial_shops, shop, shop
D:2:      layout_basic, basic_altar, grunt_ministairs_15, grunt_decor_arrowhead,
          uniq_sigmund, uniq_terence, uniq_crazy_yiuf_cottage, uniq_natasha

Skill      XL: |  1  2  3  4 |
---------------+-------------+-----
Dodging        | 2 |  2.0
Fighting       | 4 |  4.0
Maces & Flails | 4 |  4.0
Armour         | |  2.5
Stealth        | |  0.6

Action                     |  1- 3 |  4- 6 || total
---------------------------+-------+-------++-------
  Melee: Mace              |    81 |    26 ||   107
 Invoke: Berserk           |     2 |     1 ||     3
   Stab: Sleeping          |     1 |       ||     1
 Armour: Animal skin       |     3 |       ||     3
         Leather armour    |    19 |    10 ||    29
  Dodge: Dodged            |    59 |    15 ||    74
